AoeStats
← Bardok

Black Forest

510098774Analyzed
3v3 RM · 4d ago on Sep 29, 2026· 53m 12s· 6 players
Game mode
Random Map
Map size
Normal (6 player)
Population
200
Speed
Normal
Resources
Standard
Victory
Conquest
Starting age
Dark Age
Ending age
Imperial Age
RankedLock teamsTeams togetherTeam positionsShared explorationLock speedFull tech treeHidden civsTurbo modeCheats
Victory
Defeat
🇦🇷 Britons · Argentina
1071
+13
🇧🇷 Portuguese · Brazil
1063
+13
🇦🇷 Jurchens · Argentina
995
+16
🇪🇸 Danes · Spain
1034
-15
🇫🇮 Burgundians · Finland
1029
-32
🇪🇸 Goths · Spain
956
-12
alexvolt4
0:33 Loom
12:24 Feudal Age
16:16 Castle Age
15:45 Fishing Lines
15:52 Double-Bit Axe
17:24 Bow Saw
17:25 Gillnets
26:55 Wheelbarrow
27:02 Scale Mail Armor
27:31 Gold Mining
28:42 Caravan
29:14 Coinage
29:28 Masonry
32:19 Imperial Age
31:21 Hand Cart
32:08 Chain Mail Armor
32:03 Forging
32:48 Gold Shaft Mining
32:20 Hamask
33:52 Plate Mail Armor
33:29 Northmen's Fury
33:34 Onager
34:27 Squires
34:12 Gambesons
34:16 Arson
34:52 Siege Onager
35:55 Conscription
36:14 Iron Casting
35:23 Elite Varangian Guard
36:36 Hamask
39:48 Blast Furnace
39:13 Man-at-Arms
41:09 Siege Engineers
42:06 Chemistry
40:41 Long Swordsman
43:27 Ballistics
43:20 Two-Handed Swordsman
44:32 Champion
45:46 Fletching
Bardok
0:34 Loom
4:23 Loom
12:59 Feudal Age
13:24 Horse Collar
13:39 Double-Bit Axe
14:53 Wheelbarrow
19:01 Town Watch
19:22 Gold Mining
19:34 Stone Mining
23:43 Castle Age
22:01 Scale Mail Armor
22:13 Forging
22:46 Man-at-Arms
24:38 Bow Saw
24:31 Heavy Plow
24:54 Hand Cart
25:07 Caravan
29:51 Iron Casting
29:21 Squires
30:39 Chain Mail Armor
31:22 Anarchy
32:32 Town Patrol
32:37 Long Swordsman
37:57 Imperial Age
36:39 Stone Shaft Mining
38:53 Perfusion
40:15 Blast Furnace
39:50 Two-Handed Swordsman
39:51 Pikeman
fitzy
4:35 Double-Bit Axe
7:32 Loom
10:47 Horse Collar
13:00 Feudal Age
16:43 Castle Age
15:27 Scale Barding Armor
15:32 Forging
15:35 Gold Mining
17:56 Bow Saw
19:37 Heavy Plow
27:44 Two-Man Saw
27:24 Wheelbarrow
31:09 Hand Cart
34:42 Imperial Age
33:45 Chain Barding Armor
34:01 Iron Casting
33:34 Cavalier
34:15 Husbandry
35:43 Guilds
35:35 Caravan
36:11 Coinage
37:55 Plate Barding Armor
38:20 Blast Furnace
37:44 Paladin
tony halcon
4:26 Loom
11:18 Feudal Age
15:04 Castle Age
13:12 Double-Bit Axe
13:16 Horse Collar
16:12 Bow Saw
22:59 Gold Mining
23:07 Stone Mining
25:36 Caravan
27:09 Gold Shaft Mining
32:35 Imperial Age
30:44 Wheelbarrow
30:54 Fletching
31:04 Padded Archer Armor
31:40 Bodkin Arrow
33:24 Yeomen
33:46 Conscription
32:57 Elite Longbowman
34:18 Hoardings
33:48 Bracer
33:35 Onager
35:45 Chemistry
34:29 Treadmill Crane
35:01 Fortified Wall
35:02 Masonry
35:15 Ballistics
35:04 Siege Engineers
36:57 Coinage
36:38 Guilds
36:45 Leather Archer Armor
37:54 Ring Archer Armor
38:08 Treadmill Crane
38:38 Masonry
38:39 Fortified Wall
44:13 Banking
decarolinadelnorte
10:49 Feudal Age
11:24 Double-Bit Axe
17:10 Fishing Lines
20:55 Castle Age
21:32 Gillnets
22:35 Wheelbarrow
26:52 Bow Saw
26:59 Stone Mining
27:02 Gold Mining
27:05 Stone Mining
30:42 Imperial Age
28:35 Hand Cart
28:07 Loom
28:07 Town Watch
31:48 Scale Barding Armor
31:54 Forging
32:13 Conscription
32:45 Husbandry
32:55 Bloodlines
33:07 Bloodlines
34:04 Iron Casting
34:21 Chain Barding Armor
35:33 Blast Furnace
35:33 Plate Barding Armor
35:16 Horse Collar
35:48 Elite Iron Pagoda
38:22 Heavy Plow
49:45 Fletching
49:55 Padded Archer Armor
49:56 Scale Mail Armor
50:04 Padded Archer Armor
50:06 Caravan
50:36 Coinage
50:19 Atonement
50:30 Fervor
50:40 Guilds
50:54 Man-at-Arms
50:54 Pikeman
51:21 Gambesons
51:36 Squires
51:22 Arson
51:57 Chain Mail Armor
51:38 Bodkin Arrow
52:00 Leather Archer Armor
51:09 Crossbowman
51:09 Elite Skirmisher
52:21 Crop Rotation
52:53 Two-Man Saw
ABCDEFG
11:33 Feudal Age
12:49 Wheelbarrow
12:17 Horse Collar
17:09 Castle Age
15:06 Double-Bit Axe
18:21 Bow Saw
18:12 Heavy Plow
23:44 Man-at-Arms
25:54 Long Swordsman
30:15 Imperial Age
27:56 Gold Mining
28:49 Hand Cart
28:21 Loom
28:48 Gambesons
29:15 Forging
29:06 Scale Mail Armor
29:42 Arson
32:07 Chemistry
31:28 Ballistics
32:28 Crop Rotation
31:51 Stone Mining
33:05 Two-Man Saw
32:54 Iron Casting
32:35 Chain Mail Armor
31:50 Two-Handed Swordsman
33:22 Fletching
34:33 Blast Furnace
34:00 Champion
48:53 Plate Mail Armor
Connection lost

Rejoining the realm…

Still unreachable

The connection could not be restored.

Session expired

The server has moved on; the page needs a fresh start.